 Seeded DCSS version 0.29.1-1-gd02db6906a (webtiles) character file.

Game seed: 1 (custom seed)

10108 Kazon the Carver (level 11, -5/130 HPs)
             Began as a Vampire Fighter on Oct 21, 2022.
             Was a Believer of Makhleb.
             Killed from afar by an acid dragon (9 damage)
             ... with a splash of acid
             ... on level 10 of the Dungeon.
             The game lasted 00:49:25 (8143 turns).

Kazon the Carver (Vampire Fighter)                  Turns: 8143, Time: 00:49:25

Health: -5/130     AC: 11    Str: 25    XL:     11   Next: 31%
Magic:  12/12      EV: 14    Int: 11    God:    Makhleb [**....]
Gold:   423        SH:  7    Dex: 14    Spells: 10/10 levels left

rFire   + . .      SeeInvis +   s - +3 falchion of Winter {venom, rCorr}
rCold   + + .      Faith    .   c - +2 buckler
rNeg    + . .      Spirit   .   F - +3 leather armour {rC+}
rPois   +          Reflect  .   l - +0 helmet
rElec   .          Harm     .   Q - scarf {rC+ rF+}
rCorr   +          Rampage  .   (no gloves)
Will    +....                   m - +2 pair of boots
Stlth   ..........              f - amulet of the acrobat
HPRegen 0.51/turn               p - ring of Bubyake {rPois Str+6}
MPRegen 0.13/turn               u - ring of positive energy

@: berserking, healing quickly, very quick
A: alive, fangs 3, see invisible, vampiric 2
a: Exsanguinate, Renounce Religion, Minor Destruction


You were on level 10 of the Dungeon.
You worshipped Makhleb.
Makhleb was pleased with you.
You visited 2 branches of the dungeon, and saw 14 of its levels.

You collected 733 gold pieces.
You spent 310 gold pieces at shops.

Inventory:

Hand Weapons
 a - the +5 long sword of the Land of Plenty {drain, Dex+3}
   (You found it on level 10 of the Dungeon)

   A truly terrible weapon, it drains the life of any living foe it strikes.
   Dex:       It affects your dexterity (+3).
 e - a +1 rapier of speed
 s - the +3 falchion of Winter (weapon) {venom, rCorr}
   (You bought it in a shop on level 3 of the Dungeon)

   It poisons the flesh of those it strikes.
   rCorr:     It protects you from acid and corrosion.
Missiles
 j - 29 stones (quivered)
 q - a throwing net
 r - 14 boomerangs
 C - 3 curare-tipped darts
 I - 18 poisoned darts
Armour
 c - a +2 buckler (worn)
 l - a +0 helmet (worn)
 m - a +2 pair of boots (worn)
 F - a +3 leather armour of cold resistance (worn)
 O - a +2 cloak
 Q - a scarf of resistance (worn)
Jewellery
 f - an amulet of the acrobat (around neck)
 p - the ring of Bubyake (left hand) {rPois Str+6}
   (You acquired it on level 1 of the Dungeon)

   [ring of strength]

   Str:       It affects your strength (+6).
   rPois:     It protects you from poison.
 u - a ring of positive energy (right hand)
 E - a ring of protection from cold
 N - a ring of protection from cold
Wands
 k - a wand of roots (6)
 B - a wand of mindburst (16)
 D - a wand of flame (16)
 H - a wand of paralysis (16)
 P - a wand of polymorph (7)
Scrolls
 i - 2 scrolls of identify
 o - 2 scrolls of immolation {unknown}
 t - 3 scrolls of fog {unknown}
 v - 3 scrolls of fear
 w - 4 scrolls of teleportation
 y - a scroll of magic mapping
 z - 2 scrolls of noise {unknown}
 A - 2 scrolls of poison
 G - 2 scrolls of enchant weapon
 K - a scroll of summoning {unknown}
 M - a scroll of amnesia {unknown}
Potions
 b - 2 potions of cancellation
 d - 2 potions of might
 g - 2 potions of haste
 h - 3 potions of flight
 n - 3 potions of berserk rage
 x - 5 potions of lignification
 J - 2 potions of curing
Miscellaneous
 L - a condenser vane


   Skills:
 * Level 8.4 Fighting
 + Level 5.4(8.1) Short Blades
 + Level 8.5(9.1) Long Blades
 + Level 3.8 Throwing
 + Level 5.3 Armour
 + Level 6.5 Dodging
 + Level 5.6 Stealth
 + Level 5.6 Shields
 + Level 2.2 Invocations
 * Level 6.2 Evocations


You had 10 spell levels left.
You didn't know any spells.
Your spell library contained the following spells:

 Spells                   Type           Power      Damage    Failure   Level
 Apportation              Tloc           0%         N/A       45%         1
 Magic Dart               Conj           0%         1d3       45%         1
 Necrotise                Necr           0%         1d4       45%         1
 Sting                    Tmut/Pois      0%         1d3       45%         1
 Summon Small Mammal      Summ           0%         N/A       45%         1
 Call Imp                 Summ           0%         N/A       61%         2
 Poisonous Vapours        Pois/Air       0%         N/A       61%         2
 Mephitic Cloud           Conj/Pois/Air  0%         N/A       83%         3
 Ozocubu's Armour         Ice            0%         N/A       83%         3
 Olgreb's Toxic Radiance  Pois           0%         N/A       99%         4
 Fireball                 Conj/Fire      0%         3d3       100%        5
 Iskenderun's Battlesphe  Conj           0%         2d6       100%        5
 Metabolic Englaciation   Hex/Ice        0%         N/A       100%        5
 Conjure Ball Lightning   Conj/Air       0%         3x3d6     100%        6
 Simulacrum               Ice/Necr       0%         N/A       100%        6
 Orb of Destruction       Conj           0%         9d5       100%        7


Dungeon Overview and Level Annotations

Branches:
Dungeon (13/15)            Temple (1/1) D:7
   Lair: D:8-11         Orc: D:9-12      Vaults: D:13-14

Altars:
Ashenzari
Dithmenos
Gozag
Hepliaklqana
Makhleb
Okawaru
Uskayaw

Shops:
D:3 (   D:8 ?(==   D:10 :


Innate Abilities, Weirdness & Mutations

Your natural rate of healing is accelerated.
You have razor-sharp teeth.
You have supernaturally acute eyesight. (SInv)
You are afflicted with vampirism and can become a bat while bloodless.


Message History

The troll completely misses you. The troll claws you.
The troll claws you but does no damage.
You barely miss the troll.
The troll is moderately wounded.
You hit the troll.
The troll looks as sick as possible!
The troll is moderately wounded.
The troll barely misses you. The troll completely misses you.
The troll closely misses you.
You barely miss the troll.
The troll is moderately wounded.
The troll bites you! The troll claws you! The troll closely misses you.
You closely miss the troll.
The troll is moderately wounded.
The troll bites you!
* * * LOW HITPOINT WARNING * * *
The troll closely misses you. The troll claws you but does no damage.
You barely miss the troll. You bite the troll!
The troll is heavily wounded.
You block the troll's attack. The troll claws you but does no damage.
The troll barely misses you.
You hit the troll.
The troll is severely wounded.
The troll bites you!
* * * LOW HITPOINT WARNING * * *
The troll misses you. The troll closely misses you.
A red film seems to cover your vision as you go berserk!
You feel yourself moving faster!
You feel mighty! The troll bites you but does no damage.
You block the troll's attack. The troll closely misses you.
You slash the troll!
The troll looks as sick as possible!
The troll is almost dead.
You slice the troll!!
You kill the troll!
Makhleb accepts your kill.
The troll leather armour is intact enough to wear.
You barely miss the acid dragon. You bite the acid dragon.
The acid dragon is moderately wounded.
The acid dragon spits acid at you. The splash of acid hits you! You resist.
You die...

..........##......########.#..~~~
#..#...#..##..>..................
.......#..##..###..##.D#..##...T~
.............T...................
............######'##...###...~≈≈
.######..#. #.......#.#.# ...~≈≈
.######...> ##'#'#'##...# ...≈≈
........... #D#...#### ....~
........... #@#...# .~~~
........... ###...#### ...~
.........###### #......#
....#..#.#....# #.#..#.#
.........####.####.#..#.#
.########...#.#.........# .#
#...#.#.#.####### .## #8..+.#.#.#
..# #####....##...#


You could see an acid dragon (catching breath).

Vanquished Creatures
  A two-headed ogre (D:9)
  Maggie (D:6)
  A tengu conjurer (D:12)
  Prince Ribbit (D:9)
  2 trolls
  2 shadows
  A vampire (D:10)
  5 yaks
  2 wyverns
  Eustachio (D:5)
  2 steam dragons
  Menkaure (D:5)
  Edmund (D:6)
  4 water moccasins
  4 orc warriors
  An ice beast (D:8)
  5 sky beasts
  2 black bears (D:6)
  4 centaurs
  An ogre (D:6)
  2 phantoms (D:6)
  2 kobold brigands
  3 necrophages
  A bullfrog (D:7)
  A gnoll sergeant (D:7)
  5 scorpions
  21 wights
  3 killer bees (D:10)
  A howler monkey (D:5)
  2 jellies (D:6)
  A hound (D:4)
  7 orc priests
  6 iguanas
  4 orc wizards
  Robin (D:3)
  14 gnolls
  13 adders
  3 shadow imps
  2 white imps (D:7)
  An ufetubus (D:5)
  3 worms
  35 orcs
  11 endoplasms
  A giant cockroach (D:1)
  16 goblins
  9 hobgoblins
  A jackal (D:4)
  22 kobolds
  A quokka (D:1)
  5 ball pythons
  4 bats
  3 frilled lizards
  6 rats
252 creatures vanquished.

Vanquished Creatures (others)
  A gnoll bouda (D:7)
  A gnoll (D:7)
2 creatures vanquished.

Grand Total: 254 creatures vanquished

Notes
Turn   | Place    | Note
-------+----------+-------------------------------------------
     0 | D:1      | Kazon the Vampire Fighter began the quest for the Orb.
     0 | D:1      | Reached XP level 1. HP: 17/17 MP: 1/1
    32 | D:1      | Identified a scroll of acquirement
    32 | D:1      | Acquired the ring of Bubyake {rPois Str+6}
   181 | D:1      | Reached XP level 2. HP: 22/23 MP: 2/2
   838 | D:2      | Gained mutation: You are afflicted with vampirism and can
                  | become a bat while bloodless. [Vampire growth]
   838 | D:2      | Reached XP level 3. HP: 25/28 MP: 3/3
  1170 | D:2      | Reached XP level 4. HP: 28/35 MP: 4/4
  1191 | D:2      | Reached skill level 1 in Throwing
  1388 | D:3      | Found Umat's Antique Weapon Boutique.
  1398 | D:3      | Bought a crude falchion for 184 gold pieces
  1398 | D:3      | Identified the +3 falchion of Winter {venom, rCorr} (You
                  | bought it in a shop on level 3 of the Dungeon)
  1651 | D:3      | Reached XP level 5. HP: 41/41 MP: 5/5
  1717 | D:3      | Noticed Robin
  1737 | D:3      | Killed Robin
  1738 | D:3      | Reached skill level 1 in Short Blades
  2148 | D:4      | Reached skill level 1 in Dodging
  2148 | D:4      | Reached XP level 6. HP: 36/47 MP: 6/6
  2422 | D:4      | Found a hazy altar of Hepliaklqana.
  2850 | D:5      | Entered Level 5 of the Dungeon
  2899 | D:5      | Reached XP level 7. HP: 43/54 MP: 7/7
  2904 | D:5      | Noticed Eustachio
  2971 | D:5      | Killed Eustachio
  3277 | D:5      | Reached XP level 8. HP: 44/61 MP: 8/8
  3366 | D:5      | Reached skill level 5 in Fighting
  3585 | D:5      | Noticed Menkaure
  3595 | D:5      | Reached skill level 5 in Short Blades
  3595 | D:5      | Reached skill level 5 in Armour
  3595 | D:5      | Reached skill level 5 in Stealth
  3595 | D:5      | Reached skill level 5 in Shields
  3595 | D:5      | Reached XP level 9. HP: 44/72 MP: 9/9
  3602 | D:5      | Killed Menkaure
  4105 | D:6      | Reached skill level 5 in Dodging
  4126 | D:6      | Noticed Edmund
  4130 | D:6      | Killed Edmund
  4234 | D:6      | Reached XP level 10. HP: 72/80 MP: 10/10
  4522 | D:6      | Reached skill level 5 in Evocations
  4573 | D:6      | Noticed Maggie
  4594 | D:6      | Killed Maggie
  4886 | D:7      | Found a staircase to the Ecumenical Temple.
  4893 | Temple   | Entered the Ecumenical Temple
  4898 | Temple   | Became a worshipper of Makhleb the Destroyer
  4960 | D:7      | Found a hide-covered altar of Uskayaw.
  5027 | D:7      | Reached skill level 1 in Invocations
  5055 | D:7      | Reached * piety under Makhleb
  5648 | D:8      | Found Quzidd's Magic Scroll Emporium.
  5654 | D:8      | Bought a scroll of teleportation for 42 gold pieces
  5654 | D:8      | Bought a scroll of identify for 28 gold pieces
  5654 | D:8      | Bought a scroll of identify for 28 gold pieces
  5654 | D:8      | Bought a scroll of identify for 28 gold pieces
  5812 | D:8      | Found Zoxtaeshakh's Jewellery Boutique.
  5874 | D:8      | Found Heidghoki's Jewellery Shop.
  6196 | D:8      | Found Esumer's Weapon Shop.
  6746 | D:9      | Noticed Prince Ribbit
  6765 | D:9      | Killed Prince Ribbit
  6765 | D:9      | Reached ** piety under Makhleb
  6966 | D:9      | Noticed a two-headed ogre
  6981 | D:9      | HP: 1/78 [two-headed ogre/+0 giant club (31)]
  6985 | D:9      | Killed a two-headed ogre
  6986 | D:9      | Reached XP level 11. HP: 3/86 MP: 12/12
  7343 | D:10     | Entered Level 10 of the Dungeon
  7427 | D:10     | Identified the +5 long sword of the Land of Plenty {drain,
                  | Dex+3}
  7434 | D:10     | Found Juagoaq's Book Shoppe.
  7544 | D:10     | You fall into a shaft and drop 3 floors!
  8139 | D:10     | HP: 2/87 [troll (15)]
  8143 | D:10     | Killed from afar by an acid dragon

Illustrated notes

Levels and vault maps discovered:
D:1:      dpeg_arrival_three_smaller_balls, layout_basic
D:2:      layout_loops_ring
D:3:      layout_basic, serial_shops, nicolae_shop_stone, st_stairs_9,
          minmay_misc_feat_doors, eino_curves_03, uniq_robin
D:4:      minmay_wonky_spiral, layout_basic,
          mainiacjoe_overflow_surrounded_room, minivault_5
D:5:      layout_cave_pods, uniq_menkaure, uniq_eustachio
D:6:      cheibrodos_barr_body, layout_basic, minmay_crystal_room,
          minmay_pentangle, uniq_maggie, uniq_edmund
D:7:      layout_cave_pools, nicolae_uskayaw_murder_on_the_dancefloor,
          elyvilon_altar_4, minmay_temple_entry_purple_smoke
D:8:      layout_basic, serial_shops, shop_statue, kennysheep_little_box, shop,
          nicolae_shop_window_shopping
D:9:      layout_cave_pools, uniq_prince_ribbit1
D:10:     layout_stronghold, erik_lair_island, serial_shops,
          nicolae_shop_statue_plus, uniq_erolcha
D:11:     layout_roguey
D:12:     layout_loops_ring, orc_0_dummy, chequers_serial_rivers_marsh,
          uniq_lodul, uniq_nessos, uniq_rupert
D:13:     layout_gridville, david_vaults_5, serial_shops,
          nicolae_shop_behind_doors, minmay_fractal_squares_gapless_5,
          uniq_azrael
Temple:   nicolae_temple_bog_church

Skill      XL: |  1  2  3  4  5  6  7  8  9 10 11 |
---------------+----------------------------------+-----
Armour         | 3 4 5 |  5.3
Fighting       | 3 4 7 8 |  8.4
Throwing       | 1 3 |  3.8
Long Blades    | 3 4 6 7 8 |  8.5
Short Blades   | 2 3 5 |  5.4
Shields        | 3 5 |  5.6
Dodging        | 1 2 4 5 6 |  6.5
Stealth        | 5 |  5.6
Evocations     | 4 5 6 |  6.2
Invocations    | 1 2 |  2.2

Action                   |  1- 3 |  4- 6 |  7- 9 | 10-12 || total
-------------------------+-------+-------+-------+-------++-------
Melee: Long sword        |    86 |       |       |   169 ||   255
       Bite              |     7 |    20 |    25 |    70 ||   122
       Dagger            |    20 |   125 |       |       ||   145
       Falchion          |       |    26 |   210 |   327 ||   563
       Rapier            |       |       |       |    17 ||    17
Throw: Stone             |       |    30 |    18 |    47 ||    95
       Dart              |       |       |     1 |       ||     1
Invok: Minor Destruction |       |       |       |    31 ||    31
Evoke: Wand              |       |       |     3 |     1 ||     4
  Use: Scroll            |     1 |     2 |     7 |     7 ||    17
       Potion            |       |       |     1 |     1 ||     2
 Stab: Sleeping          |       |       |     1 |     4 ||     5
Armor: Scale mail        |    48 |    52 |    24 |       ||   124
       Leather armour    |       |       |    61 |   169 ||   230
Dodge: Dodged            |    52 |    66 |   127 |   316 ||   561
Block: Buckler           |    22 |    23 |    46 |   125 ||   216
